 Dungeon Crawl Stone Soup version 0.30-a0-40-gc6d0f036a7 (webtiles) character file.

Game seed: 4225003484308752645

95659 porpoise the Warrior (level 16, -5/95 HPs)
             Began as a Merfolk Gladiator on Aug 30, 2022.
             Was a Believer of Yredelemnul.
             Slain by a skeletal warrior
             ... wielding a +0 flail
             ... led by a death knight
              (19 damage)
             ... on level 2 of the Abyss.
             The game lasted 01:38:44 (20976 turns).

porpoise the Warrior (Merfolk Gladiator)           Turns: 20976, Time: 01:38:45

Health: -5/95      AC: 28    Str: 14 (15) XL:     16   Next: 14%
Magic:  25/25      EV: 17    Int: 11      God:    Yredelemnul [**....]
Gold:   950        SH:  6    Dex: 15      Spells: 23/27 levels left

rFire   + . .      SeeInvis .    a - +10 lance "Wyrmbane" {slay drac, rPois rF+ rC+ AC+3}
rCold   + . .      Faith    .    e - +1 buckler
rNeg    . . .      Spirit   .    s - +1 swamp dragon scales
rPois   +          Reflect  .    Y - +2 hat
rElec   .          Harm     .    N - +1 cloak
rCorr   +          Rampage  .    x - +2 pair of gloves
Will    +....                    F - +2 pair of boots
Stlth   +.........               A - amulet of regeneration
HPRegen 1.05/turn                l - +4 ring of protection
MPRegen 0.19/turn                c - ring of resist corrosion

@: about to teleport, slowed, very slow
A: (nimble swimmer 2), mertail, poison resistance, [deterioration 2], [frail 3],
[weak 2]
a: Renounce Religion, Recall Undead Harvest, Dark Bargain


You were on level 2 of the Abyss.
You worshipped Yredelemnul.
Yredelemnul was pleased with you.
You visited 3 branches of the dungeon, and saw 20 of its levels.
You visited the Abyss 1 time.

You collected 1513 gold pieces.
You spent 563 gold pieces at shops.

Inventory:

Hand Weapons
 a - the +10 lance "Wyrmbane" (weapon) {slay drac, rPois rF+ rC+ AC+3}
   (You took it off Maggie on level 1 of the Lair of Beasts)

   It inflicts extra damage against dragons and draconians.
   AC:        It affects your AC (+3).
   rF:        It protects you from fire.
   rC:        It protects you from cold.
   rPois:     It protects you from poison.
 b - a +0 sling of freezing
Armour
 e - a +1 buckler (worn)
 h - a +2 buckler of cold resistance
 s - +1 swamp dragon scales (worn)
 x - a +2 pair of gloves (worn)
 F - a +2 pair of boots (worn)
 N - a +1 cloak (worn)
 Y - a +2 hat (worn)
Magical Staves
 j - a staff of poison
Jewellery
 c - a ring of resist corrosion (right hand)
 l - a +4 ring of protection (left hand)
 n - a ring of fire
 r - a ring of protection from cold
 A - an amulet of regeneration (around neck)
Wands
 g - a wand of mindburst (21)
 i - a wand of roots (2)
 k - a wand of digging (3)
 o - a wand of polymorph (10) (quivered)
 u - a wand of light (3)
 Q - a wand of paralysis (11)
 R - a wand of flame (37)
Scrolls
 v - 4 scrolls of magic mapping
 y - 2 scrolls of blinking
 B - a scroll of silence
 C - 5 scrolls of teleportation
 D - 3 scrolls of poison
 G - 3 scrolls of fog
 K - 5 scrolls of identify
 O - a scroll of vulnerability
Potions
 d - a potion of magic
 f - a potion of mutation
 t - 12 potions of curing
 H - 2 potions of attraction
 I - 3 potions of lignification
 M - a potion of might
 P - 2 potions of cancellation
 T - 2 potions of heal wounds
Miscellaneous
 U - a tin of tremorstones (1/2)


   Skills:
 + Level 15.4 Fighting
 - Level 14.0 Polearms
 - Level 2.0 Throwing
 - Level 7.0 Armour
 - Level 14.0 Dodging
 - Level 5.0 Shields
 - Level 6.0 Spellcasting
 - Level 9.0 Poison Magic
 - Level 12.0 Invocations
 - Level 7.0 Evocations


You had 23 spell levels left.
You knew the following spells:

 Your Spells              Type           Power      Damage    Failure   Level
o - Olgreb's Toxic Radia  Pois           23%        N/A       12%         4

Your spell library contained the following spells:

 Spells                   Type           Power      Damage    Failure   Level
 Sting                    Tmut/Pois      52%        1d5       8%          1
 Poisonous Vapours        Pois/Air       26%        N/A       11%         2
 Spider Form              Tmut/Pois      13%        N/A       22%         3
 Mephitic Cloud           Conj/Pois/Air  9%         N/A       38%         3
 Magic Dart               Conj           12%        1d3       43%         1
 Summon Small Mammal      Summ           12%        N/A       43%         1
 Call Imp                 Summ           3%         N/A       56%         2
 Ensorcelled Hibernation  Hex/Ice        6%         N/A       56%         2
 Call Canine Familiar     Summ           3%         N/A       80%         3
 Dazzling Flash           Conj/Hex       6%         N/A       80%         3
 Summon Guardian Golem    Hex/Summ       3%         N/A       80%         3
 Corpse Rot               Necr/Pois/Air  9%         N/A       80%         4
 Anguish                  Hex/Necr       1%         N/A       99%         4
 Passage of Golubria      Tloc           3%         N/A       99%         4
 Agony                    Necr           3%         N/A       100%        5
 Fireball                 Conj/Fire      1%         3d3       100%        5
 Iskenderun's Battlesphe  Conj           3%         2d6       100%        5
 Silence                  Hex/Air        1%         N/A       100%        5
 Conjure Ball Lightning   Conj/Air       1%         3x3d6     100%        6
 Orb of Destruction       Conj           1%         9d5       100%        7
 Ozocubu's Refrigeration  Ice            1%         4d7       100%        7
 Ignition                 Fire           1%         3d3       100%        8
 Lehudib's Crystal Spear  Conj/Erth      1%         10d2      100%        8


Dungeon Overview and Level Annotations

Branches:
Dungeon (14/15)            Temple (1/1) D:4            Lair (5/5) D:11
  Swamp (0/4) Lair:3       Spider (0/4) Lair:3        Slime (0/5) Lair:5
    Orc (0/2) D:10         Vaults (0/5) D:14

Altars:
Ashenzari
Cheibriados
Dithmenos
Elyvilon
Fedhas
Gozag
Hepliaklqana
Kikubaaqudgha
Makhleb
Nemelex Xobeh
Okawaru
Qazlal
Ru
Trog
Uskayaw
Vehumet
Wu Jian
Xom
Yredelemnul
The Shining One
Jiyva

Shops:
D:3 !   D:6 ?   D:9 !

Portals:
Ice
Cave: D:14


Innate Abilities, Weirdness & Mutations

((You are very nimble when in or above water. (Stealth+, EV+, Speed+++)))
Your lower body shifts to a powerful aquatic tail in water.
Your system is resistant to poisons. (rPois)
[Your body often deteriorates upon taking damage.]
[You are extremely frail. (-30% HP)]
[You are very weak. (Str -4)]


Message History

The wretched star glows turbulently.
The lance of force misses you.
The lance of force misses the skeletal warrior.
The lance of force hits your spectral sun demon!
Your spectral sun demon is knocked back by the lance of force.
As you read the scroll of fear, it crumbles to dust.
You assume a fearsome visage.
The wretched star is unaffected.
The death knight resists with almost no effort.
The wraith is unaffected.
The skeletal warrior is unaffected.
A tentacled starspawn comes into view.
The skeletal warrior hits you with a +0 flail!
You block the death knight's attack.
Tentacles burst from the starspawn's body!
The death knight hits you from afar with a +4 glaive!
The skeletal warrior hits you with a +0 flail.
* * * LOW HITPOINT WARNING * * *
2 starspawn tentacles come into view.
As you read the scroll of teleportation, it crumbles to dust.
You feel strangely unstable.
You feel the power of the Abyss delaying your translocation!
The death knight misses you.
The skeletal warrior hits you with a +0 flail.
* * * LOW HITPOINT WARNING * * *
Your apocalypse crab zombie closely misses the wretched star.
Your apocalypse crab zombie claws the wretched star.
The wretched star pulses with an eldritch light!
You feel frail.
You feel much better.
The skeletal warrior hits you but does no damage.
The wraith hits your spectral sun demon but does no damage.
The death knight hits you from afar with a +4 glaive!
Your spectral sun demon hits the starspawn tentacle!
Your apocalypse crab zombie completely misses the wretched star.
Your apocalypse crab zombie barely misses the wretched star.
The death knight hits you from afar with a +4 glaive!!
* * * LOW HITPOINT WARNING * * *
Your body deteriorates!
You feel weakened.
The skeletal warrior hits you with a +0 flail!!
You die...
Your body rises from the dead as a mindless zombie.

. .. ... ......
. . ............
.... . . . .#
... .. ... . ..
. . #..... # .#
# ##...###### #
+#.#.........###
# ...
.......*Z#..#
#.#. . ....
#@...# .... . .
##.zp##
##....##.
####X─# . ##
#...... '\\.. #
....### # ..ww##
.... . .. .WZ# .
#. #... . .....#
. '. . #.. .
...### . .#...#
# . ....


You could see a tentacled starspawn, a death knight, a wretched star (ally
target), a skeletal warrior, a wraith (distracted), 2 starspawn tentacles, a
friendly spectral sun demon (slow) and a friendly apocalypse crab zombie.

Vanquished Creatures
  A bone dragon (Abyss:2)
  A tentacled starspawn (Abyss:2)
  A very ugly thing (Abyss:2)
  4 hydras
  2 boulder beetles
  2 centaur warriors (D:13)
  4 vault guards (D:14)
  An ogre mage (D:13)
  A catoblepas (Lair:3)
  2 tengu warriors (D:14)
  3 death yaks (Lair:5)
  5 two-headed ogres
  A sun demon (Abyss:2)
  A fire crab (Lair:3)
  A skeletal warrior (D:14)
  2 lindwurms
  Pikel (D:4)
  3 deep elf pyromancers
  2 wolf spiders (Lair:5)
  A will-o-the-wisp (Lair:3)
  3 manticores
  7 ugly things (D:14)
  7 elephants (Lair:5)
  3 black mambas (Lair:5)
  A cyclops (shapeshifter) (D:14)
  2 apocalypse crabs (Abyss:2)
  A stone giant skeleton (Abyss:2)
  7 cane toads
  6 komodo dragons
  A rime drake (Lair:3)
  A freezing wraith (D:14)
  An ancient zyme (Abyss:2)
  A hellwing (Abyss:2)
  3 trolls
  2 hornets (Lair:5)
  A polar bear (Lair:4)
  9 blink frogs
  A slime creature (D:12)
  A raiju (Abyss:2)
  A jumping spider (Lair:3)
  4 shadows
  5 starcursed masses (Abyss:2)
  A vampire (D:9)
  15 wyverns
  22 yaks
  A wraith (D:13)
  4 basilisks
  A fire bat (Lair:4)
  2 hogs (Lair:5)
  A steam dragon (D:7)
  4 vampire mosquitoes
  An acid dragon (D:12)
  A two-headed ogre zombie (D:10)
  12 water moccasins
  Duvessa (D:5)
  6 large abominations (Abyss:2)
  2 swamp drakes (D:11)
  2 ice beasts
  2 orc warriors
  A black bear (shapeshifter) (Abyss:2)
  2 black bears
  A sky beast (D:6)
  3 ogres
  10 wolves
  A lemure (D:4)
  3 centaurs
  4 phantoms
  2 kobold brigands
  Blork the orc (D:4)
  A cyclops zombie (D:14)
  11 bullfrogs
  3 scorpions
  A gnoll sergeant (D:9)
  4 wights (D:8)
  2 troll zombies (D:10)
  Dowan (D:5)
  3 small abominations (Abyss:2)
  6 killer bees (D:8)
  2 electric eels (D:11)
  6 howler monkeys
  A crimson imp (D:11)
  A gnoll bouda (D:7)
  2 jellies
  3 orc priests (D:10)
  A hound (D:6)
  3 iguanas
  Natasha (thrice) (D:2)
  12 orc wizards
  4 ogre zombies (D:10)
  Robin (D:3)
  9 gnolls
  9 adders
  2 shadow imps
  4 white imps
  An ufetubus (D:6)
  3 worms
  4 dart slugs
  19 orcs
  7 endoplasms
  3 giant cockroaches
  13 goblins
  11 hobgoblins
  15 kobolds
  2 quokkas
  6 ball pythons
  8 bats
  4 frilled lizards
  A goblin skeleton (D:10)
  A hobgoblin skeleton (D:10)
  A hobgoblin zombie (D:10)
  8 orc zombies (D:10)
  8 rats
  A bush (D:4)
424 creatures vanquished.

Vanquished Creatures (collateral kills)
  2 boulder beetles
  2 death yaks (Lair:5)
  A deep elf pyromancer (D:14)
  2 wolf spiders (Lair:3)
  9 elephants (Lair:5)
  An ugly thing (D:14)
  A cyclops (D:12)
  A guardian serpent (Lair:5)
  7 black mambas
  5 cane toads
  Maggie (Lair:1)
  A rime drake (Lair:5)
  A freezing wraith (Abyss:2)
  A kobold demonologist (D:12)
  A komodo dragon (Lair:5)
  3 trolls
  A polar bear (Lair:5)
  Prince Ribbit (D:8)
  10 blink frogs
  2 slime creatures (D:12)
  A jumping spider (Lair:3)
  9 yaks
  4 basilisks
  6 wyverns
  2 hogs (Lair:5)
  3 fire bats (Lair:4)
  A redback (Lair:5)
  8 water moccasins
  2 orc warriors
  A black bear (Lair:1)
  2 ogres (D:13)
  4 wolves
  2 phantoms
  2 scorpions (D:5)
  A troll zombie (D:10)
  An electric eel (D:11)
  A jelly (Lair:5)
  An iron imp (D:11)
  4 gnolls
  An adder (D:5)
  9 orcs
  2 endoplasms (Lair:5)
  3 kobolds (D:8)
  A goblin zombie (D:10)
  A hobgoblin skeleton (D:10)
  2 hobgoblin zombies (D:10)
  2 orc skeletons (D:10)
  8 orc zombies (D:10)
  2 bushes (Lair:5)
139 creatures vanquished.

Vanquished Creatures (others)
  An ugly thing zombie (D:14)
  A komodo dragon (D:11)
  2 human zombies (D:14)
  A fire bat zombie (Lair:4)
  A tengu zombie (D:14)
  A two-headed ogre zombie (D:13)
  3 elf zombies
  2 manticore zombies (D:14)
  An elephant zombie (Lair:5)
  2 blink frog zombies (Lair:5)
  A vampire mosquito zombie (D:10)
  A komodo dragon zombie (Lair:5)
  4 wyvern zombies
  6 water moccasin zombies (Lair:5)
  A troll zombie (D:12)
  8 yak zombies
  4 wolf zombies
  A bullfrog zombie (D:7)
  A black bear zombie (Abyss:2)
  2 centaur zombies
  A scorpion zombie (D:5)
  3 killer bee zombies (D:8)
  3 ogre zombies (D:13)
  A howler monkey zombie (D:10)
  A spectral crimson imp (D:11)
  A spectral electric eel (D:11)
  A swamp drake zombie (D:11)
  An iguana zombie (D:6)
  A jelly zombie (Lair:5)
  A spectral white imp (D:11)
  An adder zombie (D:6)
  A spectral shadow imp (D:11)
  An orc (D:11)
  A dart slug zombie (D:5)
  An endoplasm zombie (Lair:5)
  4 kobold zombies
  9 orc zombies
  10 foxfires (Lair:3)
  67 fungi
  113 plants
  4 starspawn tentacles (Abyss:2)
  2 withered plants (D:12)
272 creatures vanquished.

Grand Total: 835 creatures vanquished

Notes
Turn   | Place    | Note
-------+----------+-------------------------------------------
     0 | D:1      | porpoise the Merfolk Gladiator began the quest for the Orb.
     0 | D:1      | Reached XP level 1. HP: 16/16 MP: 1/1
   445 | D:1      | Reached XP level 2. HP: 23/23 MP: 2/2
   836 | D:1      | Reached skill level 3 in Fighting
   918 | D:1      | Reached XP level 3. HP: 25/29 MP: 3/3
  1118 | D:2      | Noticed Natasha
  1212 | D:2      | Killed Natasha
  1213 | D:2      | Reached skill level 5 in Polearms
  1216 | D:2      | Reached XP level 4. HP: 26/35 MP: 4/4
  1245 | D:2      | Noticed Natasha
  1252 | D:2      | Killed Natasha
  1419 | D:2      | Reached skill level 4 in Fighting
  1479 | D:2      | Reached XP level 5. HP: 42/42 MP: 5/5
  1487 | D:2      | Noticed Natasha
  1536 | D:2      | Killed Natasha
  2038 | D:2      | Found a faded altar of an unknown god.
  2544 | D:3      | Noticed Robin
  2559 | D:3      | Killed Robin
  2861 | D:3      | Reached XP level 6. HP: 39/45 MP: 6/6
  2862 | D:3      | Reached skill level 5 in Fighting
  3247 | D:3      | Found Lonifaq's Distillery.
  3255 | D:3      | Bought a potion of heal wounds for 50 gold pieces
  3255 | D:3      | Bought a potion of curing for 30 gold pieces
  3255 | D:3      | Bought a potion of degeneration for 10 gold pieces
  3535 | D:4      | Found a snail-covered altar of Cheibriados.
  3816 | D:4      | Noticed Blork the orc
  3817 | D:4      | Gained mutation: You are agile. (Dex +4, Str/Int -1)
                  | [potion of mutation]
  3817 | D:4      | Gained mutation: [You are weak. (Str -2)] [potion of
                  | mutation]
  3817 | D:4      | Gained mutation: You are occasionally teleported next to
                  | monsters. [potion of mutation]
  3832 | D:4      | Killed Blork the orc
  3835 | D:4      | Lost mutation: You are agile. (Dex +4, Str/Int -1) [potion
                  | of mutation]
  3835 | D:4      | Lost mutation: [You are weak. (Str -2)] [potion of
                  | mutation]
  3835 | D:4      | Lost mutation: You are occasionally teleported next to
                  | monsters. [potion of mutation]
  3835 | D:4      | Gained mutation: [You are weak. (Str -2)] [potion of
                  | mutation]
  3835 | D:4      | Gained mutation: Your spells are a little harder to cast,
                  | but a little more powerful. [potion of mutation]
  4005 | D:4      | Found a staircase to the Ecumenical Temple.
  4013 | Temple   | Entered the Ecumenical Temple
  4035 | Temple   | Became a worshipper of Yredelemnul the Dark
  4171 | D:4      | Found an ornate altar of the Wu Jian Council.
  4290 | D:4      | You fall into a shaft and drop 2 floors!
  4300 | D:6      | Found a broken altar of Ashenzari.
  4376 | D:6      | Reached XP level 7. HP: 42/57 MP: 7/7
  4519 | D:6      | Reached skill level 6 in Fighting
  4804 | D:6      | Reached * piety under Yredelemnul
  5183 | D:6      | Reached ** piety under Yredelemnul
  5184 | D:6      | Reached skill level 7 in Fighting
  5189 | D:6      | Reached XP level 8. HP: 59/67 MP: 8/8
  5237 | D:6      | Found Tocuhux's Magic Scroll Shoppe.
  5261 | D:6      | Bought a scroll of noise for 10 gold pieces
  5261 | D:6      | Bought a scroll of poison for 40 gold pieces
  5276 | D:6      | Found a hazy altar of Hepliaklqana.
  5462 | D:6      | Reached skill level 10 in Polearms
  5803 | D:5      | Entered Level 5 of the Dungeon
  5803 | D:5      | Noticed Duvessa
  5922 | D:4      | Found a sparkling altar of Nemelex Xobeh.
  6122 | D:5      | Noticed Pikel
  6279 | D:4      | Killed Pikel
  6280 | D:4      | Reached XP level 9. HP: 48/72 MP: 9/9
  6335 | D:5      | Noticed Dowan
  6348 | D:5      | Killed Dowan
  6364 | D:5      | Killed Duvessa
  6530 | D:5      | Found an ancient bone altar of Kikubaaqudgha.
  6646 | D:5      | Found a shadowy altar of Dithmenos.
  7076 | D:7      | Reached skill level 1 in Invocations
  7084 | D:7      | Reached skill level 1 in Armour
  7167 | D:7      | Reached skill level 5 in Dodging
  7280 | D:7      | Lost mutation: Your spells are a little harder to cast, but
                  | a little more powerful. [potion of mutation]
  7280 | D:7      | Lost mutation: [You are weak. (Str -2)] [potion of
                  | mutation]
  7280 | D:7      | Gained mutation: Your system is resistant to poisons.
                  | (rPois) [potion of mutation]
  7353 | D:7      | Reached *** piety under Yredelemnul
  7787 | D:7      | Found a bloodstained altar of Trog.
  7949 | D:8      | Reached XP level 10. HP: 69/79 MP: 12/12
  8074 | D:8      | Found an iron altar of Okawaru.
  8079 | D:8      | Found a white marble altar of Elyvilon.
  8422 | D:8      | Noticed Prince Ribbit
  8438 | D:8      | Killed Prince Ribbit
  8445 | D:8      | Reached skill level 5 in Invocations
  8648 | D:8      | Learned a level 4 spell: Olgreb's Toxic Radiance
  8807 | D:9      | Found a hide-covered altar of Uskayaw.
  8809 | D:9      | Found a stormy altar of Qazlal.
  8869 | D:9      | HP: 1/79 [shadow (10)]
  9264 | D:9      | Found a glowing golden altar of the Shining One.
  9648 | D:9      | Noticed a two-headed ogre
  9659 | D:9      | Killed a two-headed ogre
  9706 | D:9      | Found Jutos's Distillery.
  9717 | D:9      | Bought a potion of heal wounds for 65 gold pieces
  9717 | D:9      | Bought a potion of berserk rage for 65 gold pieces
  9717 | D:9      | Bought a potion of heal wounds for 65 gold pieces
  9717 | D:9      | Bought a potion of curing for 39 gold pieces
  9717 | D:9      | Bought a potion of curing for 39 gold pieces
  9819 | D:9      | Found a blossoming altar of Fedhas.
  9883 | D:10     | Entered Level 10 of the Dungeon
  9912 | D:10     | Reached XP level 11. HP: 84/84 MP: 16/16
  9941 | D:10     | Reached skill level 1 in Evocations
 10048 | D:10     | Reached skill level 5 in Armour
 10065 | D:10     | Reached **** piety under Yredelemnul
 10111 | D:10     | Reached skill level 8 in Fighting
 10188 | D:10     | Found a staircase to the Orcish Mines.
 10766 | D:10     | Noticed a two-headed ogre
 10779 | D:10     | Killed a two-headed ogre
 10936 | D:11     | Noticed a boulder beetle
 11008 | D:11     | Killed a boulder beetle
 11009 | D:11     | Reached skill level 9 in Fighting
 11243 | D:11     | Reached skill level 1 in Shields
 11243 | D:11     | Reached skill level 5 in Evocations
 11246 | D:11     | Noticed a deep elf pyromancer
 11273 | D:11     | Killed a deep elf pyromancer
 11319 | D:11     | Noticed a deep elf pyromancer
 11326 | D:11     | Killed a deep elf pyromancer
 11950 | D:11     | Found a staircase to the Lair.
 12104 | D:11     | Noticed a boulder beetle
 12107 | D:11     | Reached XP level 12. HP: 97/97 MP: 17/17
 12121 | D:11     | Killed a boulder beetle
 12122 | D:11     | Reached skill level 10 in Fighting
 12286 | Lair:1   | Entered Level 1 of the Lair of Beasts
 12291 | Lair:1   | Noticed Maggie
 12310 | Lair:1   | Killed Maggie
 13619 | D:6      | Bought a scroll of enchant weapon for 75 gold pieces
 13619 | D:6      | Bought a scroll of enchant armour for 75 gold pieces
 13865 | Lair:2   | Noticed a boulder beetle
 13902 | Lair:2   | Killed a boulder beetle
 13903 | Lair:2   | Reached skill level 5 in Shields
 13926 | Lair:2   | Noticed a five-headed hydra
 13936 | Lair:2   | Killed a five-headed hydra
 13937 | Lair:2   | Reached skill level 1 in Spellcasting
 14121 | Lair:2   | Reached skill level 11 in Fighting
 14727 | Lair:3   | Noticed a catoblepas
 14751 | Lair:3   | Killed a catoblepas
 14937 | Lair:3   | Reached skill level 10 in Invocations
 15029 | Lair:3   | Found a staircase to the Swamp.
 15451 | Lair:3   | Reached XP level 13. HP: 92/107 MP: 20/20
 15554 | Lair:3   | Reached ***** piety under Yredelemnul
 15584 | Lair:3   | Reached ****** piety under Yredelemnul
 15584 | Lair:3   | Reached skill level 12 in Fighting
 15814 | Lair:3   | Found a hole to the Spider Nest.
 16063 | Lair:4   | Reached skill level 5 in Poison Magic
 16063 | Lair:4   | Reached XP level 14. HP: 115/115 MP: 22/22
 16089 | Lair:4   | Reached skill level 5 in Spellcasting
 16285 | Lair:4   | Reached skill level 10 in Dodging
 16828 | Lair:5   | Entered Level 5 of the Lair of Beasts
 17270 | Lair:5   | Found a runed translucent door.
 17271 | Lair:5   | Found a viscous altar of Jiyva.
 17273 | Lair:5   | Found a staircase to the Slime Pits.
 17274 | Lair:5   | Noticed Kirke
 17277 | Lair:5   | Noticed a sphinx
 17304 | Lair:5   | Killed Kirke
 17304 | Lair:5   | Enslaved Kirke
 17659 | Lair:5   | Reached XP level 15. HP: 108/120 MP: 20/24
 19210 | D:12     | Found an ancient bone altar of Kikubaaqudgha.
 20166 | D:14     | Found a gate to the Vaults.
 20169 | D:14     | Reached skill level 13 in Fighting
 20302 | D:14     | Reached skill level 14 in Fighting
 20305 | D:14     | Found a frozen archway.
 20314 | Abyss:2  | Found a corrupted altar of Lugonu.
 20314 | Abyss:2  | Cast into level 2 of the Abyss (a wizard)
 20406 | Abyss:2  | Found a corrupted altar of Lugonu.
 20733 | Abyss:2  | Noticed a tentacled starspawn
 20738 | Abyss:2  | Reached XP level 16. HP: 81/134 MP: 25/25
 20752 | Abyss:2  | Killed a tentacled starspawn
 20830 | Abyss:2  | Noticed a bone dragon
 20870 | Abyss:2  | Killed a bone dragon
 20871 | Abyss:2  | Reached skill level 15 in Fighting
 20974 | Abyss:2  | Noticed a tentacled starspawn
 20976 | Abyss:2  | Slain by a skeletal warrior

Illustrated notes

Levels and vault maps discovered:
D:1:      psy_arrival_radial02, layout_loops_ring
D:2:      layout_loops_ring, shapermc_ecumenical_altar_mp_urbaneastern,
          grunt_ministairs_10, serial_bayou_pond_b, minmay_octomino_e4,
          uniq_natasha
D:3:      layout_loops_ring, serial_shops, nicolae_shop_crystal, uniq_robin
D:4:      layout_loops_ring, nicolae_wu_jian_immortal_techniques,
          mainiacjoe_overflow_catwalk, cheibriados_altar_1,
          minmay_temple_entry_arrows, serial_forest, infiniplex_forest_zigzag_2,
          infiniplex_forest_lined_2, infiniplex_forest_split,
          infiniplex_forest_clump_small, infiniplex_forest_clump_double,
          infiniplex_forest_corner_1, uniq_blork_the_orc
D:5:      layout_cave_pools, mainiacjoe_overflow_alcove_4,
          grunt_dithmenos_shadows, uniq_pikel, uniq_duvessa
D:6:      layout_loops_corners, ashenzari_altar_1, nzn_hepliaklqana_mist_gate,
          serial_shops, shop_fountains, chequers_avenue,
          kennysheep_generic_room_9
D:7:      layout_rooms, trog_hazing_becter, chequers_serial_rivers_small_b,
          st_stairs_11, chequers_serial_rivers_small_a
D:8:      layout_loops_ring, kennysheep_mini_moat,
          mainiacjoe_overflow_cross_hatched, uniq_prince_ribbit1
D:9:      layout_small_grid, mainiacjoe_overflow_concentric_impassable,
          old_standard_altar, lemuel_doored_altar, fedhas_altar_3, serial_shops,
          shop, dreamdust_wishing_well, dreamdust_princess_bridge
D:10:     layout_rooms, zombieorc2_lemuel, small_statue_alley_a
D:11:     layout_roguey, erik_lair_dragon, serial_bayou, serial_bayou_shore_b,
          serial_bayou_pond_b, serial_bayou_pond_d, serial_bayou_ford_a,
          hangedman_minor_magic
D:12:     layout_rooms, kiku_gazebo_garden_becter
D:13:     layout_irregular_city, hangedman_decor_lopped
D:14:     minmay_sliced_demisemicircle, layout_small_grid,
          lightli_vaults_fourway_checkpoint, portal_ice_cave_entry_ugly_swarm,
          minmay_misc_feat_diagonals
Temple:   hellmonk_temple_of_storms
Lair:1:   layout_gridlike, serial_bayou, serial_bayou_pond_b,
          serial_bayou_pond_e, serial_bayou_crossing, serial_bayou_shore_b,
          serial_bayou_pond_d, serial_bayou_pond_a, uniq_maggie
Lair:2:   layout_gridlike
Lair:3:   layout_cave_pods, minmay_swamp_entry_wisps,
          spider_nest_entry_funnel_web
Lair:4:   layout_gridlike
Lair:5:   hangedman_lair_tendril_chambers, layout_regular_city, slime_entry_2,
          uniq_kirke
Abyss:2:  base: Lair:5, kilobyte_mutagenic_chamber,
          hangedman_elemental_corridor, hangedman_abyss_lost_library

Skill      XL: |  1  2  3  4  5  6  7  8  9 10 11 12 13 14 15 16 |
---------------+-------------------------------------------------+-----
Fighting       | 3 4 5 7 9 11 12 14 15 | 15.4
Polearms       | 5 6 7 9 12 14 | 14.0
Invocations    | 3 7 10 12 | 12.0
Armour         | 2 4 5 6 7 |  7.0
Dodging        | 6 9 12 14 | 14.0
Evocations     | 5 6 7 |  7.0
Shields        | 3 5 |  5.0
Spellcasting   | 4 5 6 |  6.0
Poison Magic   | 5 8 9 |  9.0
Throwing       | |  2.0

Action                   |  1- 3 |  4- 6 |  7- 9 | 10-12 | 13-15 | 16-18 || total
-------------------------+-------+-------+-------+-------+-------+-------++-------
Melee: Trident           |    68 |   254 |   462 |   756 |       |       ||  1540
       Tailslap          |       |     1 |       |       |       |       ||     1
       Unarmed           |       |     1 |       |       |       |       ||     1
       Punch             |       |     3 |     5 |     2 |       |       ||    10
       Lance             |       |       |       |   175 |   949 |   107 ||  1231
 Fire: Sling             |       |     2 |     7 |     9 |    14 |       ||    32
Throw: Throwing net      |       |     3 |     4 |       |       |       ||     7
       Javelin           |       |       |     1 |     1 |       |       ||     2
       Dart              |       |       |       |    13 |       |       ||    13
Invok: Dark Bargain      |       |       |     1 |       |       |       ||     1
       Recall Undead Har |       |       |       |     1 |     1 |       ||     2
       Bind Soul         |       |       |       |       |     1 |       ||     1
Evoke: Wand              |       |       |       |    16 |       |       ||    16
       Tin of tremorston |       |       |       |     2 |     2 |       ||     4
  Use: Potion            |       |     6 |     2 |     7 |     9 |     1 ||    25
       Scroll            |       |     3 |     2 |    15 |     5 |     2 ||    27
 Stab: Distracted        |       |     1 |     5 |     7 |    15 |       ||    28
       Held in net/web   |       |       |     1 |       |       |       ||     1
       Confused          |       |       |       |     2 |       |       ||     2
Armor: Ring mail         |    18 |    70 |   111 |   197 |       |       ||   396
       Skin              |       |     1 |       |       |       |       ||     1
       Swamp dragon scal |       |       |       |    39 |   277 |    38 ||   354
Dodge: Dodged            |    20 |   110 |   158 |   321 |   357 |    50 ||  1016
Block: Buckler           |       |       |       |    59 |   182 |    16 ||   257

Table legend: (Time is in decaauts)
 A = Elapsed time spent in this place.
 B = Non-inter-level travel time spent in this place.
 C = Inter-level travel time spent in this place.
 D = Time resting spent in this place.
 E = Time spent auto-exploring this place.
 F = Levels seen in this place.
 G = Mean time per level.
                   A        B        C        D        E       F      G
               +--------+--------+--------+--------+--------+-----+--------+
         Total |  22005 |  20509 |   1496 |   3482 |  12541 |  21 | 1047.9 |
       Dungeon |  14975 |  13944 |   1031 |   2795 |   8124 |  14 | 1069.6 |
        Temple |     42 |     22 |     20 |      0 |     14 |   1 |   42.0 |
          Lair |   6450 |   6006 |    444 |    547 |   4235 |   5 | 1290.0 |
         Abyss |    536 |    536 |      0 |    139 |    167 |   1 |  536.0 |
               +--------+--------+--------+--------+--------+-----+--------+

Top non-repeatable levels by time:
     D:6: 1890 daAuts
  Lair:5: 1836 daAuts
    D:11: 1728 daAuts
  Lair:1: 1465 daAuts
     D:2: 1327 daAuts
  Lair:3: 1242 daAuts
     D:4: 1221 daAuts
     D:9: 1185 daAuts
     D:1: 1141 daAuts
    D:10: 1084 daAuts
     D:7: 1024 daAuts
  Lair:4: 982 daAuts
     D:8: 974 daAuts
     D:3: 960 daAuts
  Lair:2: 923 daAuts
